 Dungeon Crawl Stone Soup version 0.23-a0-29-g1be82e5 (webtiles) character file.

819 Amnesiac the Gusty (level 7, -6/46 HPs)
             Began as a Mummy Air Elementalist on Aug 3, 2018.
             Mangled by Prince Ribbit (20 damage)
             ... on level 5 of the Dungeon.
             The game lasted 00:07:40 (3462 turns).

Amnesiac the Gusty (Mummy Air Elementalist)         Turns: 3462, Time: 00:07:41

Health: -6/46      AC:  3    Str: 12    XL:     7   Next: 63%
Magic:  0/16       EV: 12    Int: 16    God:
Gold:   81         SH:  0    Dex: 12    Spells: 11/18 levels left

rFire    x . .     SeeInvis .   h - +2 flail
rCold    + . .     Gourm    .   (no shield)
rNeg     + + +     Faith    .   a - +0 robe
rPois    ∞         Spirit   .   (no helmet)
rElec    .         Reflect  .   (no cloak)
rCorr    .         Harm     .   (no gloves)
MR       .....                  g - +0 pair of boots
Stlth    ++........             (no amulet)
HPRegen  0.15/turn              (no ring)
MPRegen  0.15/turn              (no ring)

@: very slightly contaminated
A: no food or potions, fire vulnerability, cold resistance 1, negative energy
resistance 3, torment resistance, unbreathing
a: no special abilities


You were on level 5 of the Dungeon.
You were not hungry.

You visited 1 branch of the dungeon, and saw 5 of its levels.

You collected 81 gold pieces.

Inventory:

Hand Weapons
 h - a +2 flail (weapon)
Missiles
 e - 21 sling bullets
 f - 41 stones (quivered)
Armour
 a - a +0 robe (worn)
 g - a +0 pair of boots (worn)
Wands
 j - a wand of digging (12)
Scrolls
 b - 3 scrolls of remove curse {!r}
 c - a scroll of teleportation {!r}
 i - 2 scrolls of amnesia {!r}


   Skills:
 - Level 1.5 Dodging
 - Level 1.5 Stealth
 + Level 6.4 Spellcasting
 - Level 0.7 Conjurations
 * Level 6.4 Air Magic


You had 11 spell levels left.
You knew the following spells:

 Your Spells              Type           Power        Failure   Level  Hunger
a - Airstrike             Air            ####......   10%         4    N/A
d - Shock                 Conj/Air       ###.         3%          1    N/A
z - Swiftness             Chrm/Air       ###.....     5%          2    N/A

Your spell library contained the following spells:

 Spells                   Type           Power        Failure   Level  Hunger
 Lightning Bolt           Conj/Air       ###.......   63%         5    N/A
 Static Discharge         Conj/Air       ###.....     9%          3    N/A

Dungeon Overview and Level Annotations

Branches:
Dungeon (5/15)
 Temple: D:4-7

Altars:
Makhleb

Shops:
D:4 ?

Annotations:
D:5 Prince Ribbit


Innate Abilities, Weirdness & Mutations

You do not eat or drink.
Your flesh is vulnerable to fire.
You are immune to poison.
Your flesh is cold resistant. (rC+)
You are immune to negative energy. (rN+++)
You are immune to unholy pain and torment.
You can survive without breathing.


Message History

You hear a shout!
Prince Ribbit gives a loud, deep croak!
Prince Ribbit is too close now for your liking.
Prince Ribbit is nearby!
Prince Ribbit is nearby!
Casting: Airstrike (safe; 10% risk of failure)
Confirm with . or Enter, or press ? or * to list all spells.
Aiming: Airstrike (safe; 10% risk of failure)
Press: ? - help, Dir - move target cursor, f - Prince Ribbit
Aim: Prince Ribbit The air twists around and strikes Prince Ribbit!
Prince Ribbit is moderately wounded.
Prince Ribbit blinks!
A centaur comes into view.
Casting: Airstrike (safe; 10% risk of failure)
Confirm with . or Enter, or press ? or * to list all spells.
Aiming: Airstrike (safe; 10% risk of failure)
Press: ? - help, Dir - move target cursor, f/p - Prince Ribbit
Aim: Prince Ribbit (moderately wounded)
The air twists around and strikes Prince Ribbit!
Prince Ribbit is heavily wounded.
Prince Ribbit blinks! x2; The centaur wields a shortbow.
The centaur shoots an arrow.
The arrow barely misses you.
Casting: Airstrike (safe; 10% risk of failure)
Confirm with . or Enter, or press ? or * to list all spells.
Aiming: Airstrike (safe; 10% risk of failure)
Press: ? - help, Dir - move target cursor, f - centaur
Aim: a centaur, wielding a shortbow The air twists around and strikes the centaur!
The centaur is heavily wounded.
The centaur shoots an arrow.
The arrow hits you!
Casting: Airstrike (safe; 10% risk of failure)
Confirm with . or Enter, or press ? or * to list all spells.
Aiming: Airstrike (safe; 10% risk of failure)
Press: ? - help, Dir - move target cursor, f/p - centaur
Aim: a centaur, wielding a shortbow (heavily wounded)
The air twists around and strikes the centaur!
The centaur is severely wounded.
The centaur shoots an arrow.
The arrow barely misses you.
Really read
d - a scroll of enchant weapon {!r}?
As you read the scroll of enchant weapon {!r}, it crumbles to dust.
Your +1 flail glows red for a moment.
Really read
k - a scroll labeled ZANYLA MOPH {!r}?
As you read the scroll labeled ZANYLA MOPH {!r}, it crumbles to dust.
The creatures around you are filled with an inner flame!
It was a scroll of immolation {!r}.
You closely miss Prince Ribbit.
Prince Ribbit is heavily wounded.
Prince Ribbit hits you!!
* * * LOW HITPOINT WARNING * * *
Prince Ribbit blinks!
Casting: Airstrike (safe; 10% risk of failure)
Confirm with . or Enter, or press ? or * to list all spells.
Aiming: Shock (safe; 3% risk of failure)
Press: ? - help, Shift-Dir - straight line, f/p - centaur
Aim: a centaur, wielding a shortbow (severely wounded)
You miscast Shock.
You are very lightly contaminated with residual magic.
You feel a strange surge of energy!
The centaur shoots an arrow.
The arrow barely misses you.
The centaur shoots an arrow.
The arrow hits you.
* * * LOW HITPOINT WARNING * * *
Unknown command.
Prince Ribbit hits you!!
You die...

.. ..# ## #.# .#
#.# ##.# .#
#.##..c.. .#
#....F... .# #c#
.######### ##.##
.........#####.F.#
.#.(...........#@#
######...#####...#
###.# ##.## #.#
#†# #.. ... #.##
.%..# ..# .<.#.
..# .#.#.## ## #


You could see Prince Ribbit (inner flame) and a centaur.

Vanquished Creatures
  An ice beast (D:5)
  A phantom (D:4)
  A scorpion (D:4)
  A howler monkey (D:4)
  A crimson imp (D:5)
  A centaur zombie (D:5)
  3 hounds (D:4)
  An orc priest (D:4)
  An iguana (D:5)
  Natasha (thrice) (D:4)
  4 orc wizards
  3 worker ants
  A hound skeleton (D:5)
  3 adders
  2 oozes (D:4)
  An adder skeleton (D:5)
  A leopard gecko (D:5)
  12 orcs
  A goblin (D:3)
  3 hobgoblins
  5 jackals (D:3)
  3 ball pythons
  A bat (D:2)
  2 frilled lizards
  A rat (D:3)
57 creatures vanquished.

Vanquished Creatures (others)
  A fungus (D:5)
1 creature vanquished.

Grand Total: 58 creatures vanquished

Notes
Turn   | Place    | Note
-------+----------+-------------------------------------------
     0 | D:1      | Amnesiac the Mummy Air Elementalist began the quest for the Orb.
     0 | D:1      | Reached XP level 1. HP: 13/13 MP: 4/4
   379 | D:3      | Reached XP level 2. HP: 10/19 MP: 1/5
   621 | D:3      | Learned a level 2 spell: Swiftness
   631 | D:4      | Noticed Natasha
   844 | D:3      | Reached XP level 3. HP: 6/24 MP: 5/7
  1074 | D:4      | Killed Natasha
  1074 | D:4      | Reached XP level 4. HP: 20/30 MP: 7/9
  1097 | D:4      | Learned a level 4 spell: Airstrike
  1301 | D:4      | Reached XP level 5. HP: 29/35 MP: 5/11
  1374 | D:4      | Found Dohukiv's Magic Scroll Boutique.
  1391 | D:4      | Noticed a phantom
  1420 | D:4      | Noticed Natasha
  1427 | D:4      | Killed Natasha
  1639 | D:4      | Killed a phantom
  1639 | D:4      | Reached skill level 5 in Spellcasting
  1639 | D:4      | Reached skill level 5 in Air Magic
  1639 | D:4      | Reached XP level 6. HP: 29/41 MP: 0/13
  1898 | D:4      | Noticed Natasha
  1901 | D:4      | Killed Natasha
  2383 | D:4      | Found a burning altar of Makhleb.
  2389 | D:4      | Reached XP level 7. HP: 44/46 MP: 1/15
  2499 | D:5      | Entered Level 5 of the Dungeon
  2656 | D:5      | Noticed Prince Ribbit
  3462 | D:5      | Mangled by Prince Ribbit

Vault maps used:
D:1:      minmay_arrival_doors
D:2:      nemelex_spade_bored_becter, uniq_sigmund, uniq_robin
D:4:      serial_shops, nicolae_shop_window_shopping,
          makhleb_blood_cavern_becter, uniq_natasha
D:5:      first_ration, trog_three_pillars_becter, uniq_crazy_yiuf_cottage,
          uniq_prince_ribbit1

Skill      XL: |  1  2  3  4  5  6  7 |
---------------+----------------------+-----
Air Magic      | 3 4 5 6 |  6.4
Spellcasting   | 3 4 5 6 |  6.4
Dodging        | |  1.5
Stealth        | |  1.5
Conjurations   | |  0.7

Action                   |  1- 3 |  4- 6 |  7- 9 || total
-------------------------+-------+-------+-------++-------
Melee: Flail             |     9 |    22 |    30 ||    61
 Cast: Shock             |    30 |    26 |     7 ||    63
       Swiftness         |     1 |       |       ||     1
       Airstrike         |       |    19 |    28 ||    47
Evoke: Wand              |     5 |     5 |       ||    10
  Use: Scroll            |       |     1 |     7 ||     8
 Stab: Sleeping          |       |       |     1 ||     1
Armor: Robe              |    12 |     9 |     6 ||    27
Dodge: Dodged            |    31 |    26 |    31 ||    88

Table legend:
 A = Spawn XP
 B = Non-spawn XP
 C = Spawn XP percentage of total XP
 D = Spawn monster count
 E = Non-spawn monster count
 F = Spawn count percentage of total count
 G = Total turns spent on level
                    A         B        C        D         E        F      G
               +---------+---------+-------+---------+---------+-------+---------
         Total |       0 |    1171 |   0.0 |       0 |      57 |   0.0 |  3462
               +---------+---------+-------+---------+---------+-------+---------
           D:2 |       0 |      11 |   0.0 |       0 |       5 |   0.0 |   313
           D:3 |       0 |      53 |   0.0 |       0 |      13 |   0.0 |   883
           D:4 |       0 |     717 |   0.0 |       0 |      25 |   0.0 |  1364
           D:5 |       0 |     390 |   0.0 |       0 |      14 |   0.0 |   850
               +---------+---------+-------+---------+---------+-------+---------
